 Dungeon Crawl Stone Soup version 0.32-a0-329-ge6c31236d6 (webtiles) character file.

Game seed: 11041635349755228450

5 timneilson the Ruffian (level 1, -2/13 HPs)
             Began as an Octopode Shapeshifter on Feb 16, 2024.
             Slain by a goblin
             ... wielding a +0 club
              (4 damage)
             ... on level 1 of the Dungeon.
             The game lasted 00:00:28 (93 turns).

timneilson the Ruffian (Octopode Shapeshifter)        Turns: 93, Time: 00:00:29

Health: -2/13      AC:  1    Str: 13    XL:     1   Next: 80%
Magic:  1/1        EV: 13    Int: 12    God:
Gold:   0          SH:  0    Dex: 11    Spells: 0/0 levels left

rFire   . .          .
                       - Unarmed
rCold   . . .        (no shield)
rNeg    . . .        (helmet currently unavailable)
rPois   .            (no amulet)
rElec   .            (no ring)
rCorr   .            (no ring)
SInv    .            (no ring)
Will    .....        (no ring)
Stlth   ++           (no ring)
HPRegen 0.22/turn    (no ring)
MPRegen 0.07/turn    (no ring)
                     (no ring)

%: no passive effects
@: beast-form
A: beast (slay +1), almost no armour, amphibious, 8 rings, camouflage 1,
gelatinous body 1, (nimble swimmer 1), tentacles
a: Begin Untransformation


You were on level 1 of the Dungeon.
You were a hulking beast.
You visited 1 branch of the dungeon, and saw 1 of its levels.

Inventory:

Missiles
 d - 2 poisoned darts (quivered)
Talismans
 b - a beast talisman (active)
 c - a flux talisman
Potions
 a - a potion of lignification
 e - a potion of degeneration {unknown}


   Skills:
 * Level 1.1 Fighting
 * Level 2.1 Dodging
 + Level 0.2 Stealth
 * Level 3.1 Unarmed Combat
 * Level 3.0 Shapeshifting


You couldn't memorise any spells.
You didn't know any spells.
Your spell library was empty.

Dungeon Overview and Level Annotations

Branches:
Dungeon (1/15)

Altars:


Innate Abilities, Weirdness & Mutations

You are a hulking beast.
Your limbs bulge with bestial killing power. (Slay +1)
You cannot wear most types of armour.
You are amphibious.
You can wear up to eight rings at the same time.
Your skin changes colour to match your surroundings (Stealth+).
Your rubbery body absorbs attacks. (AC +1, EV +1)
((You are camouflaged when in or above water. (Stealth+)))
You have tentacles for arms and can constrict up to eight enemies at once.


Message History

There is a dry fountain here.
You see here 2 poisoned darts.
d - 2 poisoned darts
There is a dry fountain here.
There is an open door here.
A rat comes into view.
Found a ring mail.
You see here a dark potion.
e - a dark potion The helpless rat fails to defend itself.
You tentacle-slap the rat.
You kill the rat!
You see here a rat corpse.
Found a scale mail.
A giant cockroach comes into view.
A giant cockroach is nearby!
A giant cockroach is nearby!
The helpless giant cockroach fails to defend itself.
You tentacle-slap the giant cockroach.
You kill the giant cockroach!
Found a stone staircase leading down.
You see here a giant cockroach corpse.
A quokka comes into view.
Found a ring mail.
A goblin comes into view. It is wielding a +0 club.
The goblin shouts!
The quokka bites you.
You tentacle-slap the quokka. You grab the quokka.
The quokka is moderately wounded.
You constrict the quokka. The quokka bites you. x2
You tentacle-slap the quokka but do no damage.
You squeeze the quokka.
The quokka is almost dead.
You constrict the quokka.
You kill the quokka!
The goblin hits you with a +0 club.
* * * LOW HITPOINT WARNING * * *
You barely miss the goblin. You grab the goblin. You constrict the goblin.
The goblin hits you with a +0 club.
You die...

.. ### #......... ...
#.. ####....>.....
...#.. #.##.........#
#....###.##.........
..#..#...#.##.......#
#........#.##.......# .
#......h....#.......# .
......g...#.........###.
##.[......##...†#.##....
..........#####.........
########### ##........
#........ ##......##
............
......#[#...


You could see a goblin.

Vanquished Creatures
  A giant cockroach (D:1)
  A quokka (D:1)
  A rat (D:1)
3 creatures vanquished.

Notes
Turn   | Place    | Note
-------+----------+-------------------------------------------
     0 | D:1      | timneilson the Octopode Shapeshifter began the quest for
                  | the Orb.
     0 | D:1      | Reached XP level 1. HP: 13/13 MP: 1/1
    93 | D:1      | Slain by a goblin

Illustrated notes

Levels and vault maps discovered:
D:1:      dpeg_arrival_water_temple_mockup, layout_basic, serial_shops, shop,
          corner_web_ring, hangedman_decor_push

Action                     || total
---------------------------++-------
  Melee: Unarmed           ||     5
         Constrict         ||     2
         Tentacles         ||     1
   Stab: Sleeping          ||     2
 Armour: Skin              ||     5

Table legend: (Time is in decaauts)
 A = Elapsed time spent in this place.
 B = Non-inter-level travel time spent in this place.
 C = Inter-level travel time spent in this place.
 D = Time resting spent in this place.
 E = Time spent auto-exploring this place.
 F = Levels seen in this place.
 G = Mean time per level.
                   A        B        C        D        E       F      G
               +--------+--------+--------+--------+--------+-----+--------+
         Total |     92 |     92 |      0 |      0 |     52 |   1 |   92.0 |
       Dungeon |     92 |     92 |      0 |      0 |     52 |   1 |   92.0 |
               +--------+--------+--------+--------+--------+-----+--------+

Top non-repeatable levels by time:
     D:1: 92 daAuts
